 Dungeon Crawl Stone Soup version 0.17-a0-1508-ge7f3dc3 (webtiles) character file.

98 patman the Sneak (level 4, -3/23 HPs)
             Began as a Vine Stalker Assassin on July 10, 2015.
             Slain by a gnoll
             ... wielding a +0 halberd
              (6 damage)
             ... on level 3 of the Dungeon.
             The game lasted 00:03:32 (1319 turns).

patman the Sneak (Vine Stalker Assassin)            Turns: 1319, Time: 00:03:32

Health: -3/23      AC:  3    Str: 13    XL:     4   Next: 71%
Magic:  0/5        EV: 14    Int: 11    God:
Gold:   113        SH:  0    Dex: 17    Spells: 0 memorised, 3 levels left

rFire  . . .     SeeInvis .     a - +2 dagger
rCold  . . .     Clarity  .     c - +0 robe
rNeg   . . .     SustAt   .     (no shield)
rPois  .         Gourm    .     (no helmet)
rElec  .         Spirit   +     d - +0 cloak
rCorr  .         Warding  .     (no gloves)
rMut   .         Stasis   .     (no boots)
MR     .....                    (no amulet)
Stlth  +++.......               (no ring)
                                (no ring)

@: not resistant to hostile enchantments, fairly stealthy
A: fangs 2, regeneration 1, magic shield, antimagic bite, no device heal 3, rot
immunity
a: no special abilities


You were on level 3 of the Dungeon.
You were not hungry.

You visited 1 branch of the dungeon, and saw 3 of its levels.

You collected 113 gold pieces.

Inventory:

Hand weapons
 a - a +2 dagger (weapon)
 b - a +0 blowgun
 v - a +2 vampiric whip
Missiles
 e - 18 poisoned needles
 f - 2 curare-tipped needles
 n - 8 needles of sleeping
Armour
 c - a +0 robe (worn)
 d - a +0 cloak (worn)
Scrolls
 h - a scroll of identify {unknown}
 j - a scroll of teleportation {unknown}
 l - 2 scrolls of remove curse
 m - a scroll of fear {unknown}
 u - a scroll of fog {unknown}
 y - a scroll of enchant armour {unknown}
Potions
 i - 2 potions of curing {unknown}
 o - a potion of might {unknown}
 p - a potion of brilliance {unknown}
 q - a potion of cancellation {unknown}
 s - a potion of degeneration {unknown}
 t - a potion of ambrosia {unknown}
 w - a potion of heal wounds {unknown}
Comestibles
 g - 2 bread rations
 k - 2 meat rations
 r - a slice of pizza
 x - 4 chunks of flesh


   Skills:
 - Level 1.7 Fighting
 - Level 1.7 Short Blades
 - Level 1.7 Throwing
 + Level 3.5 Dodging
 - Level 4.8 Stealth


You had 3 spell levels left.
You didn't know any spells.

Dungeon Overview and Level Annotations

Branches:
Dungeon (3/15)

Altars:


Innate Abilities, Weirdness & Mutations

You have extremely sharp teeth.
Your natural rate of healing is unusually fast.
When hurt, damage is shared between your health and your magic reserves.
Your bite disrupts and absorbs the magic of your enemies.
Potions and wands cannot restore your health.
You are immune to rotting.


Message History

Things that are here:
a flail; a gnoll skeleton; a ball python skeleton
There is an open door here.
There is a stone staircase leading up here.
The gnoll barely misses you.
The giant cockroach bites you but does no damage.
The gnoll misses you.
You hit the gnoll.
The gnoll is heavily wounded.
The giant cockroach barely misses you.
You hit the gnoll but do no damage.
The gnoll is heavily wounded.
The gnoll hits you with a halberd!
Ouch! That really hurt!
* * * LOW HITPOINT WARNING * * *
The giant cockroach closely misses you.
You hit the gnoll. Your bite misses the gnoll.
The gnoll is almost dead.
The giant cockroach closely misses you. The gnoll hits you with a halberd!
You die...

#. ...# #.#
##..#
#..####...##
#.........##
##...).....#
+.........+
#...<)....#
##.......##
##.@...##
##sg.##
######'###
##........#
#..####.#.# #.
###.#.#######.
#.#.............
#
#......########
.....##....#


You could see a gnoll and a giant cockroach.

Vanquished Creatures
  2 gnolls
  3 adders (D:2)
  A giant gecko (D:2)
  2 ball pythons
  5 bats
  A giant cockroach (D:2)
  7 hobgoblins
  5 jackals
  4 kobolds
  A quokka (D:2)
  A giant newt (D:1)
  10 goblins
  8 rats
50 creatures vanquished.

Notes
Turn   | Place    | Note
--------------------------------------------------------------
     0 | D:1      | patman the Vine Stalker Assassin began the quest for the Orb.
     0 | D:1      | Reached XP level 1. HP: 11/11 MP: 2/2
    10 | D:1      | Reached skill level 1 in Dodging
    98 | D:1      | Reached XP level 2. HP: 15/15 MP: 3/3
   295 | D:1      | Reached XP level 3. HP: 18/18 MP: 4/4
   798 | D:2      | Reached XP level 4. HP: 23/23 MP: 5/5
  1319 | D:3      | Slain by a gnoll

Vault maps used:
D:1:      lemuel_arrival_room, serial_park_tiny_2
D:3:      first_bread, hangedman_abyss_or_decor_stabs, minmay_close_crescents,
          uniq_natasha, uniq_robin

Action                   |  1- 3 |  4- 6 || total
-------------------------+-------+-------++-------
Melee: Dagger            |   107 |    52 ||   159
  Use: Scroll            |     1 |       ||     1
 Stab: Sleeping          |     9 |     3 ||    12
       Distracted        |     1 |       ||     1
  Eat: Chunk             |       |     1 ||     1
